 Dungeon Crawl Stone Soup version 0.18-a0-1308-g45b86c9 (webtiles) character file.

409 RedPan the Covert (level 6, -3/41 HPs)
             Began as a Vampire Enchanter on Feb 13, 2016.
             Slain by a gnoll
             ... wielding a +1 antimagic spear
              (9 damage)
             ... on level 5 of the Dungeon.
             The game lasted 00:10:24 (3315 turns).

RedPan the Covert (Vampire Enchanter)               Turns: 3315, Time: 00:10:24

Health: -3/41      AC:  7    Str:  7    XL:     6   Next: 58%
Magic:  1/9        EV: 12    Int: 20    God:
Gold:   250        SH:  0    Dex: 14    Spells: 3 memorised, 3 levels left

rFire  . . .     SeeInvis +     h - +2 short sword (venom)
rCold  + + .     Gourm    .     b - +2 robe
rNeg   + + +     Faith    .     (no shield)
rPois  +         Spirit   .     (no helmet)
rElec  .         Dismiss  .     g - +0 cloak
rCorr  .         Reflect  .     j - +0 pair of gloves
SustAt .         Harm     .     l - +0 pair of boots
MR     .....                    (no amulet)
Stlth  +++++.....               (no ring)
                                r - ring of flight

@: regenerating slowly, not resistant to hostile enchantments, quite stealthy
A: fangs 3, see invisible, unbreathing
a: Bat Form, Evoke Flight


You were on level 5 of the Dungeon.
You were near bloodless.

You visited 2 branches of the dungeon, and saw 6 of its levels.

You collected 250 gold pieces.

Inventory:

Hand Weapons
 a - a +2 dagger
 h - a +2 short sword of venom (weapon)
Armour
 b - a +2 robe (worn)
 g - a +0 cloak (worn)
 j - a +0 pair of gloves (worn)
 l - a +0 pair of boots (worn)
 p - a +0 buckler
Jewellery
 r - a ring of flight (left hand)
Scrolls
 e - a scroll of identify
 i - 2 scrolls of amnesia
 s - 3 scrolls of recharging
Potions
 d - 19 potions of blood
 f - a potion of cancellation
 k - 2 potions of flight
 n - a potion of cure mutation
 o - a potion of might
 q - a potion of magic
Books
 c - a book of Maledictions

   Spells                             Type                      Level
   a - Corona                         Hexes                        1
   b - Ensorcelled Hibernation        Hexes/Ice                    2
   c - Confuse                        Hexes                        3
   d - Tukima's Dance                 Hexes                        3
   e - Dazzling Spray                 Conjuration/Hexes            3


   Skills:
 + Level 2.6 Short Blades
 - Level 2.1 Dodging
 - Level 10.0 Stealth
 - Level 2.0 Spellcasting
 - Level 6.0 Hexes


You had 3 spell levels left.
You knew the following spells:

 Your Spells              Type           Power        Failure   Level  Hunger
a - Corona                Hex            ####...      1%          1    #......
b - Ensorcelled Hibernat  Hex/Ice        ##....       10%         2    ##.....
c - Confuse               Hex            ####....     4%          3    ###....


Dungeon Overview and Level Annotations

Branches:
Dungeon (5/15)             Temple (1/1) D:4

Altars:
Cheibriados
Fedhas
Gozag
Makhleb
Nemelex Xobeh
Pakellas
Qazlal
Ru
Trog
Xom
Yredelemnul
Zin
The Shining One

Shops:
D:4 (


Innate Abilities, Weirdness & Mutations

You heal slowly.
You have razor-sharp teeth.
You have supernaturally acute eyesight.
You can survive without breathing.


Message History

The gnoll hits you with an antimagic spear.
* * * LOW HITPOINT WARNING * * *
You hit the gnoll.
The gnoll is severely wounded.
The gnoll closely misses you. The gnoll hits you but does no damage.
You barely miss the gnoll.
The gnoll is severely wounded.
The gnoll hits you but does no damage. x2
You hit the gnoll.
The gnoll is poisoned.
The gnoll is almost dead.
You kill the gnoll!
The gnoll closely misses you.
You hit the gnoll.
The gnoll is poisoned.
The gnoll is moderately wounded.
The gnoll hits you with an antimagic spear.
* * * LOW HITPOINT WARNING * * *
You hit the gnoll.
The gnoll looks even sicker.
The gnoll is heavily wounded.
The gnoll hits you with an antimagic spear!
You die...

.####......#
...........#
...........#
.....##.†###
..... #..#
.$... #..# ....
#.)######## ...
#.........#
#.@)......#
#.)g......#
#.........#
#.........#
...........#
............#
%..#...#.###.##
.#.......# .#
###...### #


You could see a gnoll.

Vanquished Creatures
  A phantom (D:4)
  2 orc wizards
  A hound skeleton (D:4)
  11 adders
  4 gnolls
  2 oozes (D:1)
  2 worms
  A giant gecko (D:4)
  9 orcs
  9 bats
  6 giant cockroaches
  11 goblins
  5 hobgoblins
  2 jackals (D:2)
  3 quokkas
  4 ball pythons
  5 giant newts
  5 kobolds
  A quokka zombie (D:5)
  16 rats
100 creatures vanquished.

Notes
Turn   | Place    | Note
--------------------------------------------------------------
     0 | D:1      | RedPan the Vampire Enchanter began the quest for the Orb.
     0 | D:1      | Reached XP level 1. HP: 13/13 MP: 3/3
    44 | D:1      | Reached skill level 5 in Hexes
    56 | D:1      | Reached XP level 2. HP: 19/19 MP: 5/5
    60 | D:1      | Learned a level 2 spell: Ensorcelled Hibernation
   345 | D:1      | Reached skill level 6 in Hexes
   373 | D:1      | Reached XP level 3. HP: 24/24 MP: 6/6
   728 | D:2      | Reached skill level 5 in Stealth
   751 | D:2      | Found a blossoming altar of Fedhas.
   763 | D:2      | Learned a level 3 spell: Confuse
  1064 | D:2      | Reached XP level 4. HP: 28/30 MP: 7/7
  1631 | D:3      | Reached skill level 7 in Stealth
  1931 | D:3      | Reached XP level 5. HP: 35/35 MP: 8/8
  2159 | D:3      | Reached skill level 8 in Stealth
  2417 | D:4      | Found Hoach's Antique Weapon Boutique.
  2568 | D:4      | Reached skill level 9 in Stealth
  2639 | D:4      | Noticed a phantom
  2643 | D:4      | Killed a phantom
  2643 | D:4      | Reached XP level 6. HP: 41/41 MP: 9/9
  2683 | D:4      | Reached skill level 10 in Stealth
  2727 | D:4      | Found a staircase to the Ecumenical Temple.
  2811 | Temple   | Entered the Ecumenical Temple
  3214 | D:5      | Entered Level 5 of the Dungeon
  3315 | D:5      | Slain by a gnoll

Vault maps used:
D:1:      erik_arrival_gehennom
D:2:      lemuel_crystal_altar, minmay_rat_gold_closets
D:4:      temple_statues, serial_shops, shop
D:5:      first_bread, uniq_blork_the_orc
Temple:   eino_narrow_crystal_temple_b_12

Action                   |  1- 3 |  4- 6 || total
-------------------------+-------+-------++-------
Melee: Dagger            |   108 |   107 ||   215
       Short sword       |       |    29 ||    29
 Cast: Ensorcelled Hiber |     2 |    22 ||    24
  Use: Scroll            |       |    12 ||    12
       Potion            |       |     2 ||     2
 Stab: Sleeping          |    20 |    37 ||    57
